Map: Станция Кайрос РВ

Players

BuRning - Winner!

  • Race: Terran Terran
  • Spawn Location: 11:00

PappiJoe

  • Race: Protoss Protoss
  • Spawn Location: 5:00

Event: 2019 WCS Summer

VOD

Have the link to the VOD?

Description

Time

  • Played on: July 12, 2019, 7:08 a.m.
  • Length: 12:01

All games in this series

Show
View Real Time Build Order
Export as new Build Order

BuRning Terran - Winner!

Build Orders:  

Get SALT Encoding   

  12  0:00  SCV  
  13  0:12  SCV  
  14  0:18  Supply Depot  
  14  0:24  SCV  
  15  0:40  Barracks  
  15  0:43  Refinery  
  15  0:46  SCV  
  16  1:00  Barracks  
  16  1:03  SCV  
  17  1:15  Refinery, SCV  
  18  1:28  Reaper  
  19  1:38  Orbital Command  
  19  1:47  Bunker  
  19  1:49  Reaper  
  20  1:57  Supply Depot  
  20  2:02  Reaper  
  20  2:05  SCV  
  22  2:16  Bunker  
  22  2:18  SCV  
  22  2:21  Reaper  
  23  2:35  SCV, Factory  
  24  2:49  SCV  
  25  2:56  Reaper  
  26  3:02  Command Center  
  26  3:06  SCV  
  27  3:13  Supply Depot  
  27  3:17  Barracks Tech Lab  
  27  3:18  SCV  
  28  3:27  Factory Tech Lab  
  28  3:31  Barracks  
  27  3:34  SCV  
  28  3:42  Combat Shield, Marine  
  28  3:47  Siege Tank  
  32  3:50  SCV  
  33  4:02  Marine, SCV  
  35  4:14  SCV  
  35  4:16  Orbital Command  
  36  4:20  Marine  
  36  4:23  Barracks Reactor  
  36  4:24  Siege Tank  
  39  4:27  SCV  
  40  4:38  Orbital Command  
  40  4:39  SCV  
  40  4:40  Marine  
  42  4:51  SCV  
  43  4:53  Marine  
  43  4:55  Bunker  
  43  4:56  Siege Tank  
  43  4:58  Marine  
  48  5:03  SCV  
  47  5:07  Marine, SCV  
  47  5:08  Marine  
  47  5:09  Stimpack  
  47  5:11  Marine, Supply Depot  
  51  5:15  SCV  
  51  5:19  SCV  
  53  5:27  Marine  
  54  5:32  Marine  
  54  5:33  SCV x2  
  54  5:35  Marine, Supply Depot  
  58  5:38  Siege Tank  
  58  5:42  Marauder  
  62  5:53  Supply Depot  
  62  5:54  Marine x3  
  62  5:55  SCV x2  
  67  5:57  Starport  
  67  6:01  Engineering Bay  
  67  6:06  Marine  
  67  6:07  SCV x2  
  70  6:13  Marine x3, Refinery  
  70  6:18  Factory Reactor  
  73  6:19  SCV x2  
  75  6:28  Terran Infantry Weapons Level 1  
  75  6:31  SCV x2  
  77  6:33  Marine  
  77  6:39  Supply Depot  
  78  6:43  SCV x2, Starport Reactor  
  80  6:50  Supply Depot  
  79  6:55  Marine, SCV x2  
  79  6:56  Marauder, Marine  
  79  6:59  Widow Mine  
  79  7:00  Widow Mine  
  85  7:06  Marine  
  80  7:10  SCV  
  80  7:13  Marine  
  80  7:14  Marine  
  83  7:18  Marauder  
  83  7:20  Medivac  
  83  7:21  Medivac  
  89  7:24  Marine  
  89  7:27  Bunker  
  90  7:32  Command Center  
  90  7:34  Marine  
  90  7:35  Marine  
  92  7:39  Marauder  
  92  7:42  Widow Mine x2  
  96  7:46  SCV  
  96  7:48  Marauder  
  91  7:52  Marine  
  91  7:56  Marine, Missile Turret  
  91  7:57  Medivac x2  
  96  8:16  SCV  
  96  8:17  Marine x2  
  96  8:18  Bunker, Marauder  
  101  8:20  Concussive Shells  
  101  8:22  Barracks  
  101  8:23  Barracks  
  101  8:32  Marine  
  102  8:37  Marine x2  
  102  8:43  Marauder  
  102  8:44  Widow Mine x2, Medivac  
  98  8:50  SCV  
  98  8:51  Orbital Command, SCV  
  98  8:54  Terran Infantry Armor Level 1  
  100  8:55  Refinery  
  100  8:58  Marine x2  
  100  8:59  Marauder, Supply Depot  
  104  9:03  Armory  
  104  9:04  Marauder  
  104  9:07  Widow Mine x2  
  104  9:09  Medivac  
  112  9:12  Orbital Command  
  112  9:14  SCV  
  112  9:15  Barracks Tech Lab  
  112  9:16  Marine, SCV  
  115  9:21  Barracks Reactor  
  115  9:22  Marine  
  115  9:23  Marauder  
  118  9:25  Marine, Supply Depot  
  118  9:27  SCV  
  118  9:29  Medivac  
  122  9:32  SCV, Supply Depot  
  123  9:42  Marine  
  123  9:43  Marauder  
  123  9:44  Marine x2  
  123  9:45  Marauder  
  124  9:47  Widow Mine  
  112  10:00  Marine, SCV  
  112  10:01  SCV  
  112  10:02  Marauder, Marine, SCV  
  112  10:05  Marauder  
  121  10:12  SCV  
  121  10:13  Viking x2  
  122  10:16  Starport  
  122  10:21  Marauder, Marine x3  
  123  10:26  SCV  
  123  10:27  SCV x2  
  130  10:28  Refinery  
  130  10:29  Refinery  
  130  10:30  Supply Depot  
  130  10:31  Supply Depot x2  
  130  10:40  Marauder, Marine x2  
  130  10:41  SCV x2  
  136  10:47  Viking x2, Marine  
  136  10:49  Marine  
  131  10:58  Marauder, Viking, Marine x2  
  131  10:59  Viking  
  131  11:02  Marauder  
  141  11:06  SCV  
  141  11:07  Supply Depot  
  141  11:09  Marine x3  
  145  11:16  Marauder  
  145  11:20  Marine x2  
  145  11:21  Viking x2  
  145  11:22  SCV  
  145  11:23  Marauder  
  145  11:24  SCV, Supply Depot x2  
  155  11:31  Marine  
  155  11:34  Marine x2  
  155  11:37  Marauder  
  155  11:39  Marauder  
  158  11:49  Supply Depot  
  158  11:51  Supply Depot  
  154  11:59  Command Center  
Show
View Real Time Build Order
Export as new Build Order

PappiJoe Protoss 

Build Orders: 1 Gate Expand, Colossus Rush 

Get SALT Encoding   

  12  0:00  Probe  
  13  0:13  Probe  
  14  0:19  Pylon  
  14  0:25  Probe  
  15  0:33  Probe  
  15  0:38  Gateway  
  15  0:41  Probe  
  16  0:47  Assimilator  
  17  0:51  Probe  
  18  1:03  Probe  
  19  1:15  Probe  
  20  1:26  Zealot, Cybernetics Core  
  22  1:40  Nexus  
  22  1:46  Pylon  
  22  1:49  Probe  
  23  1:57  Stalker  
  23  2:05  Shield Battery  
  25  2:12  Probe  
  25  2:13  Warp Gate  
  26  2:18  Assimilator  
  26  2:24  Probe  
  26  2:25  Stalker  
  25  2:36  Probe  
  27  2:48  Shield Battery  
  27  2:56  Stalker, Robotics Facility  
  27  3:00  Probe  
  27  3:05  Probe  
  31  3:15  Probe  
  31  3:16  Pylon  
  31  3:19  Probe  
  33  3:28  Stalker  
  33  3:29  Probe  
  33  3:31  Probe  
  37  3:41  Probe  
  37  3:44  Immortal  
  38  3:51  Probe  
  38  3:54  Probe  
  44  4:01  Gateway  
  44  4:08  Gateway  
  45  4:10  Probe  
  45  4:12  Probe  
  46  4:18  Observer  
  46  4:22  Probe  
  47  4:24  Probe  
  49  4:33  Observer, Pylon  
  49  4:34  Probe  
  49  4:36  Probe  
  49  4:37  Pylon  
  51  4:45  Assimilator  
  52  4:46  Probe  
  52  4:47  Assimilator  
  52  4:49  Probe  
  54  4:53  Shield Battery  
  54  4:56  Warp Prism  
  54  4:58  Probe  
  57  5:01  Probe  
  57  5:05  Robotics Bay  
  58  5:10  Probe  
  58  5:13  Probe  
  60  5:22  Probe  
  60  5:25  Probe  
  62  5:32  Nexus  
  62  5:34  Probe  
  63  5:37  Probe  
  68  5:43  Pylon  
  68  5:46  Probe, Twilight Council  
  65  5:50  Colossus  
  65  5:56  Zealot x2  
  69  6:01  Pylon  
  75  6:04  Zealot  
  75  6:06  Pylon  
  77  6:12  Shield Battery  
  75  6:19  Stalker  
  75  6:20  Stalker  
  79  6:26  Shield Battery  
  79  6:27  Zealot  
  79  6:29  Colossus  
  79  6:32  Probe x2  
  79  6:41  Charge  
  79  6:44  Probe  
  79  6:46  Pylon  
  85  6:50  Sentry, Pylon  
  85  6:52  Nexus  
  87  6:54  Pylon  
  87  7:00  Probe  
  86  7:07  Stalker x2  
  76  7:25  Stalker, Cybernetics Core  
  76  7:26  Gateway  
  76  7:27  Gateway  
  78  7:30  Probe  
  78  7:36  Colossus  
  73  7:39  Zealot x2  
  75  7:50  Zealot  
  75  7:54  Probe x2  
  77  8:04  Zealot x2, Gateway  
  81  8:06  Probe  
  81  8:07  Gateway  
  79  8:13  Pylon  
  79  8:15  Probe x2, Pylon  
  80  8:30  Zealot x4  
  80  8:31  Zealot  
  84  8:38  Colossus  
  60  8:50  Probe x2  
  60  8:51  Zealot x2  
  60  8:53  Probe  
  73  8:57  Phoenix  
  73  9:02  Probe  
  74  9:07  Assimilator  
  74  9:08  Templar Archives  
  74  9:09  Assimilator  
  74  9:10  Probe  
  74  9:14  Probe  
  74  9:15  Probe  
  77  9:17  Sentry  
  77  9:18  Colossus  
  77  9:24  Probe  
  80  9:35  Zealot  
  80  9:36  Pylon  
  80  9:37  Zealot  
  80  9:38  Zealot  
  79  9:44  Zealot  
  72  9:46  Zealot, Pylon  
  72  9:52  Zealot  
  63  9:56  Zealot  
  63  9:59  Zealot  
  61  10:02  Probe  
  62  10:07  Probe x2  
  62  10:09  High Templar x2  
  62  10:10  Psionic Storm  
  62  10:13  High Templar x2  
  70  10:16  Probe  
  70  10:17  Archon x2  
  70  10:19  Probe  
  72  10:22  Sentry  
  72  10:25  Probe  
  75  10:31  Probe x2  
  77  10:37  Probe, Pylon  
  77  10:38  Stalker  
  77  10:39  Zealot  
  82  10:44  Zealot x2  
  82  10:46  Probe  
  82  10:47  Probe  
  80  10:59  High Templar x2  
  82  11:04  Zealot  
  82  11:09  Zealot x4  
  82  11:11  High Templar x4  
  73  11:28  Zealot  
  58  11:53  Archon x2  
Tags
 
Add a new tag
Caveats
  • Supply blocks, unpowered buildings, or Contaminate may cause inaccurate times.
  • Supply counts are checked every 10 seconds.